 Dungeon Crawl Stone Soup version 0.27.1-33-g824d729ab1 (webtiles) character file.

Game seed: 14881553671688534764

37 SensoryNuts the Twirler (level 3, 0/27 HPs)
             Began as a Demonspawn Gladiator on Dec 6, 2021.
             Was a Plaything of Xom.
             Succumbed to an adder's poison
             ... on level 2 of the Dungeon.
             The game lasted 00:01:23 (1568 turns).

SensoryNuts the Twirler (Demonspawn Gladiator)      Turns: 1568, Time: 00:01:24

Health: 0/27       AC:  4    Str: 15    XL:     3   Next: 21%
Magic:  3/3        EV: 12    Int:  9    God:    Xom [..*...]
Gold:   8          SH:  0    Dex: 14    Spells: 2/2 levels left

rFire    . . .     SeeInvis .   a - +0 quarterstaff
rCold    . . .     Faith    .   (shield currently unavailable)
rNeg     . . .     Spirit   .   b - +0 leather armour
rPois    .         Reflect  .   c - +0 helmet
rElec    .         Harm     .   (no cloak)
rCorr    .         Rampage  .   (no gloves)
Will     .....                  (no boots)
Stlth    +.........             (no amulet)
HPRegen  0.09/turn              (no ring)
MPRegen  0.08/turn              (no ring)

@: lethally poisoned (0 -> -2)
A: demonic guardian 1
a: Renounce Religion


You were on level 2 of the Dungeon.
You worshipped Xom.
You were a toy of Xom.
You visited 1 branch of the dungeon, and saw 2 of its levels.

You collected 8 gold pieces.

Inventory:

Hand Weapons
 a - a +0 quarterstaff (weapon)
Missiles
 d - 3 throwing nets (quivered)
 h - 2 boomerangs
Armour
 b - a +0 leather armour (worn)
 c - a +0 helmet (worn)
Scrolls
 f - a scroll of immolation {unknown}
 g - a scroll of identify {unknown}
 j - a scroll of brand weapon {unknown}
Potions
 e - a potion of mutation {unknown}
 i - 2 potions of curing {unknown}


   Skills:
 + Level 2.2 Fighting
 + Level 3.2 Staves
 + Level 1.8 Throwing
 + Level 0.8 Armour
 + Level 3.1 Dodging
 + Level 0.1 Stealth


You had 2 spell levels left.
You didn't know any spells.
Your spell library was empty.

Dungeon Overview and Level Annotations

Branches:
Dungeon (2/15)

Altars:
Xom

Shops:
D:2 ?


Innate Abilities, Weirdness & Mutations

A weak demonic guardian rushes to your aid.


Message History

You feel sick.
You are no longer poisoned.
The adder bites you.
A demonic guardian appears!
You are poisoned.
The adder poisons you! The adder barely misses you.
You closely miss the adder.
The adder is moderately wounded.
You feel sick. The adder barely misses you.
Your white imp gestures at the adder.
The puff of frost hits the adder.
You miss the adder.
The adder is almost dead.
You feel sick. The adder bites you but does no damage.
Your white imp barely misses the adder.
The adder bites you.
You are lethally poisoned!
The adder poisons you!
You hit the adder.
The adder is almost dead.
* * * LOW HITPOINT WARNING * * *
You feel sick. The adder closely misses you.
Your white imp closely misses the adder.
You hit the adder.
You kill the adder!
* * * LOW HITPOINT WARNING * * *
You feel sick.
You swap places.
* * * LOW HITPOINT WARNING * * *
You feel sick.
You see here an adder corpse.
Found Huony's Magic Scroll Shop.
* * * LOW HITPOINT WARNING * * *
You feel sick.
You swap places.
* * * LOW HITPOINT WARNING * * *
You feel sick.
You see here an adder corpse.
* * * LOW HITPOINT WARNING * * *
You feel sick.
You die...
Xom titters!

∩.....#.....#
......#.....
...... ....###
......###....
#.........######
#.....#...<....#
#............#
#....5.......#
#.....@......#
#..........[.#
#............#
###+#........#
#$.......#
##########


You could see a friendly white imp (summoned).

Vanquished Creatures
  An adder (D:2)
  2 bats (D:1)
  3 endoplasms (D:1)
  2 goblins (D:1)
  2 hobgoblins (D:1)
  8 jackals (D:1)
  2 kobolds (D:1)
  A ball python (D:1)
  2 frilled lizards (D:1)
  2 rats (D:1)
25 creatures vanquished.

Vanquished Creatures (collateral kills)
  A giant cockroach (D:1)
1 creature vanquished.

Grand Total: 26 creatures vanquished

Notes
Turn   | Place    | Note
-------+----------+-------------------------------------------
     0 | D:1      | SensoryNuts the Demonspawn Gladiator began the quest for
                  | the Orb.
     0 | D:1      | Reached XP level 1. HP: 16/16 MP: 1/1
   148 | D:1      | Gained mutation: A weak demonic guardian rushes to your
                  | aid. [demonic ancestry]
   148 | D:1      | Reached XP level 2. HP: 6/22 MP: 2/2
  1275 | D:1      | Found a faded altar of an unknown god.
  1305 | D:1      | Became a worshipper of Xom of Chaos
  1374 | D:1      | XOM: silly message
  1442 | D:1      | Reached XP level 3. HP: 27/27 MP: 3/3
  1565 | D:2      | Found Huony's Magic Scroll Shop.
  1567 | D:2      | HP: 1/27 [poisoned by an adder]
  1568 | D:2      | Succumbed to an adder's poison

Illustrated notes

Levels and vault maps discovered:
D:1:      arrival_zaba_pyramid, layout_basic,
          chequers_ecumenical_altar_simple_redux
D:2:      layout_basic, serial_shops, nicolae_shop_waterfront,
          nicolae_shop_crystal, nicolae_shop_behind_doors, shop,
          hangedman_decor_clover_reticule, minmay_rat_gold_closets

Skill      XL: |  1  2 |
---------------+-------+-----
Dodging        | 3 |  3.1
Staves         | 3 |  3.2
Fighting       | |  2.2
Throwing       | |  1.8
Armour         | |  0.8
Stealth        | |  0.1

Action                   || total
-------------------------++-------
Melee: Quarterstaff      ||    68
 Stab: Sleeping          ||     1
Armor: Leather armour    ||    26
Dodge: Dodged            ||    50
